AoeStats
← *MJT-Iwnl*

Arena

505646679Analyzed
1v1 RM · 22d ago on Sep 10, 2026· 51m 50s· 2 players
Game mode
Random Map
Map size
Tiny (2 player)
Population
200
Speed
Normal
Resources
Standard
Victory
Conquest
Starting age
Dark Age
Ending age
Imperial Age
RankedLock teamsTeams togetherTeam positionsShared explorationLock speedFull tech treeHidden civsTurbo modeCheats
Victory
Defeat
🇩🇪 Khmer · Germany
937
+16
🇨🇿 Lithuanians · Czechia
933
-16
SPASITEL
9:56 Feudal Age
10:41 Double-Bit Axe
11:21 Horse Collar
16:41 Castle Age
22:41 Forging
26:07 Heavy Plow
26:18 Bow Saw
26:57 Gold Mining
27:01 Stone Mining
32:00 Imperial Age
30:07 Wheelbarrow
30:02 Ballistics
30:33 Iron Casting
31:14 Scale Barding Armor
30:54 Elite Skirmisher
32:33 Thumb Ring
33:42 Chemistry
33:37 Hand Cart
32:47 Cavalier
34:03 Bloodlines
34:43 Crop Rotation
37:09 Two-Man Saw
37:23 Light Cavalry
38:06 Husbandry
38:30 Chain Barding Armor
38:06 Pikeman
39:17 Winged Hussar
41:34 Conscription
41:26 Tower Shields
43:13 Paladin
48:54 Halberdier
52:39 Plate Barding Armor
*MJT-Iwnl*
7:08 Loom
9:58 Feudal Age
13:14 Castle Age
13:06 Double-Bit Axe
13:11 Horse Collar
16:53 Wheelbarrow
27:19 Town Watch
27:52 Devotion
28:03 Redemption
28:04 Fervor
28:15 Sanctity
28:00 Herbal Medicine
28:27 Hand Cart
28:45 Bow Saw
28:04 Man-at-Arms
28:07 Pikeman
28:34 Arson
32:49 Imperial Age
31:10 Scale Barding Armor
31:05 Scale Mail Armor
31:15 Forging
31:29 Ballistics
31:05 Murder Holes
32:29 Chain Barding Armor
31:32 Light Cavalry
32:22 Bloodlines
32:15 Husbandry
32:24 Stone Mining
32:32 Gold Mining
32:58 Town Patrol
33:52 Chain Mail Armor
34:12 Iron Casting
35:00 Gold Shaft Mining
35:02 Stone Shaft Mining
35:51 Chemistry
35:33 Siege Engineers
36:27 Masonry
36:07 Heated Shot
36:35 Fortified Wall
36:43 Heavy Plow
37:22 Illumination
37:34 Theocracy
36:41 Heavy Scorpion
39:17 Halberdier
42:39 Hoardings
41:35 Sappers
42:49 Double Crossbow
43:44 Onager
46:00 Architecture
45:21 Guard Tower
45:54 Hussar
49:39 Blast Furnace
49:14 Plate Barding Armor
52:21 Conscription
Connection lost

Rejoining the realm…

Still unreachable

The connection could not be restored.

Session expired

The server has moved on; the page needs a fresh start.